 Dungeon Crawl Stone Soup version 0.23.1 (webtiles) character file.

Game seed: 0

66063 vishdafish the Quickloader (level 15, 0/107 HPs)
             Began as a Gnoll Fighter on Mar 6, 2019.
             Was the Champion of Kikubaaqudgha.
             Killed from afar by an ogre mage (45 damage)
             ... with a crystal spear
             ... on level 1 of the Orcish Mines.
             The game lasted 00:44:41 (18006 turns).

vishdafish the Quickloader (Gnoll Fighter)         Turns: 18006, Time: 00:44:42

Health: 0/107      AC: 36    Str: 24    XL:     15   Next: 18%
Magic:  28/28      EV: 12    Int: 20    God:    Kikubaaqudgha [******]
Gold:   1351       SH: 14    Dex: 23    Spells: 30/33 levels left

rFire    x . .     SeeInvis .   B - +9 demon trident
rCold    . . .     Gourm    .   c - +0 shield
rNeg     . . .     Faith    .   R - +8 orange crystal plate armour {Archmagi, Int+3 Clar}
rPois    .         Spirit   .   K - +0 helmet
rElec    .         Reflect  .   (no cloak)
rCorr    .         Harm     .   (no gloves)
MR       +....     Clarity  +   u - +0 pair of boots
Stlth    ..........             S - amulet "Humuymup" {+Rage rF- Dex+9 Slay+2}
HPRegen  0.67/turn              D - +5 ring of strength
MPRegen  0.21/turn              F - +4 ring of protection

@: studying Crossbows
A: distributed training, fangs 1, frail 1, regeneration 1, sturdy frame 1,
strong nose
a: Receive Corpses, Torment, Brand Weapon With Pain, Receive Necronomicon,
Renounce Religion, Evoke Berserk Rage


You were on level 1 of the Orcish Mines.
You worshipped Kikubaaqudgha.
Kikubaaqudgha was exalted by your worship.
You were not hungry.

You visited 3 branches of the dungeon, and saw 18 of its levels.
You also visited: Bailey.

You collected 1762 gold pieces.
You spent 411 gold pieces at shops.

Inventory:

Hand Weapons
 B - a +9 demon trident (weapon)
Missiles
 t - 2 throwing nets (quivered)
 C - 6 silver javelins
Armour
 c - a +0 shield (worn)
 u - a +0 pair of boots (worn)
 K - a +0 helmet (worn)
 R - the +8 orange crystal plate armour (worn) {Archmagi, Int+3 Clar}
   (You found it in a bailey)

   It affects your intelligence (+3).
   It protects you against confusion.
Jewellery
 D - a +5 ring of strength (left hand)
 F - a +4 ring of protection (right hand)
 J - an uncursed ring of protection from cold
 M - an uncursed ring of protection from fire
 S - the amulet "Humuymup" (around neck) {+Rage rF- Dex+9 Slay+2}
   (You found it in a bailey)

   [amulet of rage]

   It affects your dexterity (+9).
   It affects your accuracy and damage with ranged weapons and melee attacks
   (+2).
   It makes you vulnerable to fire.
   It lets you go berserk.
 T - an uncursed ring of positive energy
Wands
 v - a wand of random effects (47)
 y - a wand of flame (25)
 A - a wand of scattershot (5)
 I - a wand of enslavement (2)
 V - a wand of disintegration (7)
Scrolls
 a - 2 scrolls of blinking
 j - 9 scrolls of teleportation
 k - a scroll of vulnerability
 l - 3 scrolls of magic mapping
 m - 2 scrolls of enchant weapon
 n - 6 scrolls of amnesia
 q - a scroll of fear
 r - 7 scrolls of remove curse
 w - a scroll of torment
 x - 3 scrolls of enchant armour
 z - a scroll of identify
 L - a scroll of holy word
 X - a scroll of immolation
Potions
 d - 4 potions of might
 e - 7 potions of curing
 g - 4 potions of brilliance
 h - 3 potions of heal wounds
 o - 2 potions of mutation
 p - 2 potions of resistance
 s - 5 potions of flight
 E - 3 potions of magic
 G - a potion of ambrosia
 N - 3 potions of haste
 P - a potion of cancellation
 Q - 2 potions of agility
Books
 H - a manual of Crossbows
Miscellaneous
 U - a lamp of fire (inert)
 W - a lightning rod (4/4)
 Z - a phantom mirror
Comestibles
 f - 25 rations


   Skills:
 + Level 11.5 Fighting
 + Level 9.7 Short Blades
 + Level 10.7 Long Blades
 + Level 9.7 Axes
 + Level 9.7 Maces & Flails
 + Level 9.7 Polearms
 + Level 9.7 Staves
 + Level 9.7 Slings
 + Level 9.7 Bows
 + Level 12.7 Crossbows
 + Level 9.7 Throwing
 + Level 11.5 Armour
 + Level 9.7 Dodging
 + Level 9.7 Stealth
 + Level 11.5 Shields
 + Level 9.7 Unarmed Combat
 + Level 9.7 Spellcasting
 + Level 8.1 Conjurations
 + Level 8.1 Hexes
 + Level 8.1 Charms
 + Level 8.1 Summonings
 + Level 8.1 Necromancy
 + Level 8.1 Translocations
 + Level 8.1 Transmutations
 + Level 8.1 Fire Magic
 + Level 8.1 Ice Magic
 + Level 8.1 Air Magic
 + Level 8.1 Earth Magic
 + Level 8.1 Poison Magic
 + Level 10.5 Invocations
 + Level 9.7 Evocations


You had 30 spell levels left.
You knew the following spells:

 Your Spells              Type           Power        Failure   Level  Hunger
a - Pain                  Necr           ####         9%          1    None
b - Slow                  Hex            ######..     14%         2    None

Your spell library contained the following spells:

 Spells                   Type           Power        Failure   Level  Hunger
 Animate Skeleton         Necr           N/A          9%          1    None
 Corona                   Hex            ######.      9%          1    None
 Flame Tongue             Conj/Fire      #####        9%          1    None
 Magic Dart               Conj           ####         9%          1    None
 Blink                    Tloc           N/A          14%         2    None
 Call Imp                 Summ           ######..     14%         2    None
 Ensorcelled Hibernation  Hex/Ice        ######       14%         2    None
 Song of Slaying          Chrm           ######..     14%         2    None
 Sublimation of Blood     Necr           ######....   14%         2    None
 Throw Flame              Conj/Fire      ######       14%         2    None
 Confuse                  Hex            ######..     26%         3    None
 Conjure Flame            Conj/Fire      ######..     26%         3    None
 Dazzling Spray           Conj/Hex       ######       26%         3    None
 Inner Flame              Hex/Fire       ######..     26%         3    None
 Mephitic Cloud           Conj/Pois/Air  ######..     26%         3    None
 Portal Projectile        Hex/Tloc       ######       26%         3    None
 Tukima's Dance           Hex            ######..     26%         3    None
 Vampiric Draining        Necr           ######....   26%         3    None
 Animate Dead             Necr           N/A          65%         4    ##.....
 Cause Fear               Hex            ######....   65%         4    ##.....
 Leda's Liquefaction      Hex/Erth       ######....   65%         4    ##.....
 Sticky Flame             Conj/Fire      ######..     65%         4    ##.....
 Bolt of Draining         Conj/Necr      ######....   94%         5    #####..
 Borgnjor's Vile Clutch   Necr/Erth      ######....   94%         5    #####..
 Dispel Undead            Necr           ######..     94%         5    #####..
 Fireball                 Conj/Fire      ######....   94%         5    #####..
 Iskenderun's Battlesphe  Conj/Chrm      ######..     94%         5    #####..
 Death Channel            Necr           ######....   100%        6    ######.
 Poison Arrow             Conj/Pois      ######....   100%        6    ######.
 Ring of Flames           Chrm/Fire      ######....   100%        7    #######
 Chain Lightning          Conj/Air       ######....   100%        8    #######
 Lehudib's Crystal Spear  Conj/Erth      ######....   100%        8    #######
 Fire Storm               Conj/Fire      ######....   100%        9    #######
 Glaciate                 Conj/Ice       ######....   100%        9    #######


Dungeon Overview and Level Annotations

Branches:
Dungeon (11/15)            Temple (0/1) D:6            Lair (6/6) D:8
 Shoals (0/4) Lair:2        Snake (0/4) Lair:2        Slime (0/5) Lair:6
    Orc (1/2) D:11

Altars:
Dithmenos
Elyvilon
Fedhas
Hepliaklqana
Kikubaaqudgha
Makhleb
Sif Muna
Uskayaw
Vehumet
Wu Jian
Xom
The Shining One
Jiyva

Shops:
D:4 *   D:7 !   D:10 ?

Portals:
Trove: D:11 (show abyssal rune of Zot)


Innate Abilities, Weirdness & Mutations

Your experience applies equally to all skills.
You have very sharp teeth.
Your uncanny sense of smell can sniff out nearby items.
You are frail. (-10% HP)
Your natural rate of healing is unusually fast.
Your movements are slightly less encumbered by armour. (ER -2)


Message History

You are too injured to fight recklessly!
You are too injured to fight recklessly!
You are too injured to fight recklessly!
You are too injured to fight recklessly!
You are too injured to fight recklessly!
You are too injured to fight recklessly!
You are too injured to fight recklessly!
You are too injured to fight recklessly!
You are too injured to fight recklessly!
You are too injured to fight recklessly!
You are too injured to fight recklessly!
You are too injured to fight recklessly!
Unknown command.
The ogre mage gestures wildly while chanting.
The ogre mage blinks!
You see here a javelin.
The ogre mage casts a spell at you. The crystal spear hits you!!!
You die...
Kikubaaqudgha rasps: "You have failed me!
Welcome... death!"

# ##(().......
#.(.....(.# #.......(.#
## #......(..# .# ###
#.........# .###
##.###....O....# ...#
#...##..(......#
...####...##........##
.....###..##.P..@...#
.......#........(..(#
.....))[..........ยง.#
.....)).............# .
.....#).............# ..
.....##.###........###.#
.....#### ##...)...(...#
.##.## #...)....###
..### #....().##


You could see an ogre mage.

Vanquished Creatures
  Nessos (Lair:6)
  2 ettins
  10 hydras
  Fannar (Lair:1)
  3 catoblepae (Lair:6)
  4 two-headed ogres
  A tengu warrior (D:11)
  An ogre mage (Orc:1)
  7 death yaks (Lair:6)
  Nergalle (D:11)
  Urug (D:11)
  Sonja (Lair:4)
  A necromancer (Lair:4)
  5 lindwurms
  8 oklob plants
  2 manticores (Lair:6)
  13 cyclopes
  7 elephants
  A centaur zombie (D:11)
  12 black mambas
  A gargoyle (D:11)
  11 spiny frogs
  8 komodo dragons
  A tengu conjurer (D:10)
  A troll (D:6)
  2 polar bears (D:10)
  A meliai zombie (D:11)
  3 hippogriffs
  A wraith (D:10)
  2 wyverns
  Eustachio (D:5)
  2 hungry ghosts
  A steam dragon (D:11)
  A basilisk (Lair:3)
  36 yaks
  5 wargs
  2 nagas (Lair:2)
  10 water moccasins
  7 porcupines
  11 orc warriors
  An ice beast (D:5)
  A sky beast (D:8)
  A black bear (shapeshifter) (D:11)
  8 ogres
  2 necrophages
  2 elephant zombies (Lair:4)
  2 centaurs
  25 wolves
  16 crocodiles
  A komodo dragon zombie (Lair:4)
  15 bullfrogs
  8 gnoll sergeants (Bailey)
  5 scorpions
  9 killer bees
  3 wights (D:8)
  3 electric eels
  2 howler monkeys (D:10)
  2 bullfrog zombies
  3 crimson imps
  2 basilisk zombies (Lair:4)
  3 jellies
  2 centaur skeletons
  12 hounds
  15 orc wizards
  7 gnoll shamans
  8 orc priests
  A bullfrog skeleton (D:6)
  3 iguanas
  Ijyb (D:5)
  3 worker ants
  A killer bee zombie (D:7)
  A bullfrog simulacrum (D:10)
  A hound zombie (D:6)
  A howler monkey skeleton (D:7)
  16 gnolls
  10 adders
  A shadow imp (D:6)
  2 white imps (D:10)
  A worker ant simulacrum (D:10)
  2 ufetubi (D:10)
  An adder zombie (D:5)
  3 worms
  A dart slug (D:1)
  9 leopard geckos
  44 orcs
  7 giant cockroaches
  12 goblins
  8 hobgoblins
  9 jackals
  11 quokkas
  4 ball pythons
  4 bats
  7 frilled lizards
  7 kobolds
  A leopard gecko skeleton (D:5)
  A leopard gecko zombie (D:7)
  A quokka skeleton (D:4)
  2 quokka zombies
  5 rats
  4 plants (Lair:1)
532 creatures vanquished.

Vanquished Creatures (others)
  A gnoll (Bailey)
  A shadow imp (D:11)
  A white imp (D:10)
  An orc (Orc:1)
  2 fungi (Lair:5)
  7 plants
13 creatures vanquished.

Grand Total: 545 creatures vanquished

Notes
Turn   | Place    | Note
-------+----------+-------------------------------------------
     0 | D:1      | vishdafish the Gnoll Fighter began the quest for the Orb.
     0 | D:1      | Reached XP level 1. HP: 23/23 MP: 1/1
   151 | D:1      | Reached XP level 2. HP: 29/29 MP: 2/2
   483 | D:1      | Reached XP level 3. HP: 35/35 MP: 3/3
   623 | D:2      | Reached skill level 1 in Invocations
   861 | D:2      | Found an ancient bone altar of Kikubaaqudgha.
   876 | D:2      | Became a worshipper of Kikubaaqudgha
   964 | D:2      | Reached skill level 1 in Short Blades
   964 | D:2      | Reached skill level 1 in Axes
   964 | D:2      | Reached skill level 1 in Maces & Flails
   964 | D:2      | Reached skill level 1 in Polearms
   964 | D:2      | Reached skill level 1 in Staves
   964 | D:2      | Reached skill level 1 in Slings
   964 | D:2      | Reached skill level 1 in Bows
   964 | D:2      | Reached skill level 1 in Crossbows
   964 | D:2      | Reached skill level 1 in Throwing
   964 | D:2      | Reached skill level 1 in Dodging
   964 | D:2      | Reached skill level 1 in Stealth
   964 | D:2      | Reached skill level 1 in Unarmed Combat
   964 | D:2      | Reached skill level 1 in Spellcasting
   964 | D:2      | Reached skill level 1 in Evocations
  1032 | D:2      | Reached XP level 4. HP: 41/41 MP: 5/5
  1481 | D:3      | Found a shadowy altar of Dithmenos.
  1576 | D:3      | Reached skill level 1 in Conjurations
  1576 | D:3      | Reached skill level 1 in Hexes
  1576 | D:3      | Reached skill level 1 in Charms
  1576 | D:3      | Reached skill level 1 in Summonings
  1576 | D:3      | Reached skill level 1 in Necromancy
  1576 | D:3      | Reached skill level 1 in Translocations
  1576 | D:3      | Reached skill level 1 in Transmutations
  1576 | D:3      | Reached skill level 1 in Fire Magic
  1576 | D:3      | Reached skill level 1 in Ice Magic
  1576 | D:3      | Reached skill level 1 in Air Magic
  1576 | D:3      | Reached skill level 1 in Earth Magic
  1576 | D:3      | Reached skill level 1 in Poison Magic
  1655 | D:3      | Reached * piety under Kikubaaqudgha
  1655 | D:3      | Identified Kikubaaqudgha's Incunabulum of Stolen Souls
                  | (Kikubaaqudgha gifted it to you on level 3 of the Dungeon)
  1655 | D:3      | Received a gift from Kikubaaqudgha
  1796 | D:3      | Reached XP level 5. HP: 47/47 MP: 6/6
  2089 | D:3      | Found a burning altar of Makhleb.
  2089 | D:3      | Found a white marble altar of Elyvilon.
  2090 | D:3      | Found a radiant altar of Vehumet.
  2553 | D:4      | Noticed an ogre
  3069 | D:3      | Reached XP level 6. HP: 22/53 MP: 8/8
  3393 | D:4      | Found a shimmering altar of Xom.
  3405 | D:4      | Reached skill level 5 in Long Blades
  3413 | D:4      | Reached ** piety under Kikubaaqudgha
  3413 | D:4      | Reached skill level 2 in Crossbows
  3455 | D:4      | Reached XP level 7. HP: 44/59 MP: 10/10
  3554 | D:4      | Found Qoxzesko's Assorted Antiques.
  3563 | D:4      | Bought a scroll labeled WASUEPR FUINU for 27 gold pieces
  3563 | D:4      | Bought a scroll labeled MOICILLISUAR for 27 gold pieces
  3563 | D:4      | Bought a bubbling yellow potion for 24 gold pieces
  3569 | D:4      | Found a deep blue altar of Sif Muna.
  3851 | D:5      | Entered Level 5 of the Dungeon
  4401 | D:5      | Noticed Eustachio
  4415 | D:5      | Killed Eustachio
  4415 | D:5      | Reached XP level 8. HP: 67/67 MP: 12/12
  4481 | D:5      | Reached skill level 3 in Crossbows
  4692 | D:5      | Noticed Ijyb
  4701 | D:5      | Killed Ijyb
  4720 | D:5      | Found an ornate altar of the Wu Jian Council.
  4891 | D:6      | Found a staircase to the Ecumenical Temple.
  5052 | D:6      | Found a hazy altar of Hepliaklqana.
  5090 | D:6      | Noticed a troll
  5105 | D:6      | Killed a troll
  5108 | D:6      | Reached XP level 9. HP: 49/70 MP: 14/14
  5157 | D:5      | Reached *** piety under Kikubaaqudgha
  5157 | D:5      | Identified Kikubaaqudgha's Guide on Evil (Kikubaaqudgha
                  | gifted it to you on level 5 of the Dungeon)
  5157 | D:5      | Received a gift from Kikubaaqudgha
  5445 | D:6      | Found a glowing golden altar of the Shining One.
  5850 | D:7      | Reached skill level 4 in Crossbows
  5932 | D:7      | Found Aruz's Distillery.
  5999 | D:7      | Bought a potion of heal wounds for 75 gold pieces
  5999 | D:7      | Bought a potion of mutation for 120 gold pieces
  6104 | D:7      | Found a hide-covered altar of Uskayaw.
  6593 | D:8      | Noticed a two-headed ogre
  6599 | D:8      | Killed a two-headed ogre
  6599 | D:8      | Reached skill level 5 in Crossbows
  6599 | D:8      | Reached skill level 5 in Invocations
  6599 | D:8      | Reached XP level 10. HP: 58/80 MP: 15/17
  6640 | D:8      | Reached **** piety under Kikubaaqudgha
  6694 | D:8      | Reached skill level 5 in Short Blades
  6694 | D:8      | Reached skill level 5 in Axes
  6694 | D:8      | Reached skill level 5 in Maces & Flails
  6694 | D:8      | Reached skill level 5 in Polearms
  6694 | D:8      | Reached skill level 5 in Staves
  6694 | D:8      | Reached skill level 5 in Slings
  6694 | D:8      | Reached skill level 5 in Bows
  6694 | D:8      | Reached skill level 5 in Throwing
  6694 | D:8      | Reached skill level 5 in Dodging
  6694 | D:8      | Reached skill level 5 in Stealth
  6694 | D:8      | Reached skill level 5 in Unarmed Combat
  6694 | D:8      | Reached skill level 5 in Spellcasting
  6694 | D:8      | Reached skill level 5 in Evocations
  6802 | D:8      | Found a staircase to the Lair.
  6871 | D:8      | Reached skill level 6 in Crossbows
  6912 | D:8      | Found a blossoming altar of Fedhas.
  7269 | D:9      | Learned a level 1 spell: Pain
  7272 | D:9      | Learned a level 2 spell: Slow
  7288 | D:9      | Noticed a two-headed ogre
  7315 | D:9      | Killed a two-headed ogre
  7338 | D:9      | Reached ***** piety under Kikubaaqudgha
  7411 | D:9      | Found a flagged portal.
  7420 | Bailey   | Entered a bailey
  7709 | Bailey   | Reached skill level 7 in Crossbows
  7838 | Bailey   | Reached XP level 11. HP: 77/87 MP: 19/19
  8040 | Bailey   | Found the +8 orange crystal plate armour {Archmagi, Int+3
                  | Clar}
  8055 | Bailey   | Got a wavering lead amulet
  8059 | Bailey   | Identified the amulet "Humuymup" {+Rage rF- Dex+9 Slay+2}
                  | (You found it in a bailey)
  8706 | D:9      | You fall through a shaft!
  8706 | D:10     | Entered Level 10 of the Dungeon
  8866 | D:10     | Reached skill level 5 in Conjurations
  8866 | D:10     | Reached skill level 5 in Hexes
  8866 | D:10     | Reached skill level 5 in Charms
  8866 | D:10     | Reached skill level 5 in Summonings
  8866 | D:10     | Reached skill level 5 in Necromancy
  8866 | D:10     | Reached skill level 5 in Translocations
  8866 | D:10     | Reached skill level 5 in Transmutations
  8866 | D:10     | Reached skill level 5 in Fire Magic
  8866 | D:10     | Reached skill level 5 in Ice Magic
  8866 | D:10     | Reached skill level 5 in Air Magic
  8866 | D:10     | Reached skill level 5 in Earth Magic
  8866 | D:10     | Reached skill level 5 in Poison Magic
  8884 | D:10     | Found Nishrieki's Magic Scroll Shoppe.
  8893 | D:10     | Bought a scroll of blinking for 90 gold pieces
  8893 | D:10     | Bought a scroll of identify for 24 gold pieces
  8893 | D:10     | Bought a scroll of identify for 24 gold pieces
  8906 | D:10     | Gained mutation: You are frail. (-10% HP) [potion of
                  | mutation]
  8906 | D:10     | Gained mutation: Your natural rate of healing is unusually
                  | fast. [potion of mutation]
  8906 | D:10     | Gained mutation: Your movements are slightly less
                  | encumbered by armour. (ER -2) [potion of mutation]
  9089 | D:10     | Got a scorched falchion
  9090 | D:10     | Identified the +8 falchion of Eresux {holy, +Fly} (You
                  | found it on level 10 of the Dungeon)
  9531 | D:11     | Found a staircase to the Orcish Mines.
  9602 | D:11     | Noticed a cyclops
  9602 | D:11     | Noticed Urug
  9606 | D:11     | Noticed a tengu warrior
  9614 | D:11     | Noticed an eight-headed hydra
  9645 | D:11     | Killed an eight-headed hydra
  9645 | D:11     | Reached skill level 8 in Crossbows
  9645 | D:11     | Killed a tengu warrior
  9648 | D:11     | Killed Urug
  9668 | D:11     | Killed a cyclops
  9735 | D:11     | Noticed a two-headed ogre
  9743 | D:11     | Killed a two-headed ogre
  9798 | D:11     | Noticed Nergalle
  9801 | D:11     | Noticed a spectral orc warlord
  9814 | D:11     | Killed Nergalle
  9814 | D:11     | Reached XP level 12. HP: 75/86 MP: 22/22
  9898 | D:11     | Reached skill level 9 in Crossbows
 10123 | D:11     | Found a portal to a secret trove of treasure.
 10493 | Lair:1   | Entered Level 1 of the Lair of Beasts
 10750 | Lair:1   | Noticed Fannar
 10762 | Lair:1   | Killed Fannar
 10862 | Lair:1   | Noticed an eight-headed hydra
 10869 | Lair:1   | Killed an eight-headed hydra
 11278 | Lair:1   | Reached skill level 10 in Fighting
 11278 | Lair:1   | Reached skill level 10 in Armour
 11278 | Lair:1   | Reached skill level 10 in Shields
 11686 | Lair:2   | Found a staircase to the Snake Pit.
 11855 | Lair:2   | Reached skill level 10 in Crossbows
 12007 | Lair:2   | Noticed a four-headed hydra
 12017 | Lair:2   | Killed a four-headed hydra
 12019 | Lair:2   | Reached XP level 13. HP: 89/92 MP: 24/24
 12163 | Lair:2   | Found a staircase to the Shoals.
 12942 | Lair:3   | You fall through a shaft for 3 floors!
 12942 | Lair:6   | Entered Level 6 of the Lair of Beasts
 12989 | Lair:6   | Found a staircase to the Slime Pits.
 12999 | Lair:6   | Found a viscous altar of Jiyva.
 13252 | Lair:4   | Noticed Sonja
 13254 | Lair:4   | Killed Sonja
 13398 | Lair:4   | Reached skill level 11 in Crossbows
 14633 | Lair:4   | Reached XP level 14. HP: 73/99 MP: 26/26
 14766 | Lair:4   | Identified Ruisa's Reference Book on Helpful Sinister Magic
 15190 | Lair:5   | Reached skill level 10 in Long Blades
 16161 | Lair:6   | Noticed Nessos
 16173 | Lair:6   | Killed Nessos
 16317 | Lair:6   | Reached skill level 12 in Crossbows
 16317 | Lair:6   | Reached skill level 10 in Invocations
 16472 | Lair:6   | Reached ****** piety under Kikubaaqudgha
 17627 | Orc:1    | Entered Level 1 of the Orcish Mines
 17678 | D:11     | Reached XP level 15. HP: 56/107 MP: 28/28
 18006 | Orc:1    | Killed from afar by an ogre mage

Skill      XL: |  1  2  3  4  5  6  7  8  9 10 11 12 13 14 |
---------------+-------------------------------------------+-----
Invocations    | 1 2 3 4 5 6 7 8 9 10 | 10.5
Short Blades   | 1 2 3 4 5 6 7 8 9 |  9.7
Axes           | 1 2 3 4 5 6 7 8 9 |  9.7
Maces & Flails | 1 2 3 4 5 6 7 8 9 |  9.7
Polearms       | 1 2 3 4 5 6 7 8 9 |  9.7
Staves         | 1 2 3 4 5 6 7 8 9 |  9.7
Slings         | 1 2 3 4 5 6 7 8 9 |  9.7
Bows           | 1 2 3 4 5 6 7 8 9 |  9.7
Crossbows      | 1 2 3 5 7 8 10 11 12 | 12.7
Throwing       | 1 2 3 4 5 6 7 8 9 |  9.7
Dodging        | 1 2 3 4 5 6 7 8 9 |  9.7
Stealth        | 1 2 3 4 5 6 7 8 9 |  9.7
Unarmed Combat | 1 2 3 4 5 6 7 8 9 |  9.7
Spellcasting   | 1 2 3 4 5 6 7 8 9 |  9.7
Evocations     | 1 2 3 4 5 6 7 8 9 |  9.7
Conjurations   | 1 2 3 4 5 6 7 8 |  8.1
Hexes          | 1 2 3 4 5 6 7 8 |  8.1
Charms         | 1 2 3 4 5 6 7 8 |  8.1
Summonings     | 1 2 3 4 5 6 7 8 |  8.1
Necromancy     | 1 2 3 4 5 6 7 8 |  8.1
Translocations | 1 2 3 4 5 6 7 8 |  8.1
Transmutations | 1 2 3 4 5 6 7 8 |  8.1
Fire Magic     | 1 2 3 4 5 6 7 8 |  8.1
Ice Magic      | 1 2 3 4 5 6 7 8 |  8.1
Air Magic      | 1 2 3 4 5 6 7 8 |  8.1
Earth Magic    | 1 2 3 4 5 6 7 8 |  8.1
Poison Magic   | 1 2 3 4 5 6 7 8 |  8.1
Long Blades    | 5 6 7 8 9 10 | 10.7
Fighting       | 7 8 9 10 11 | 11.5
Armour         | 7 8 9 10 11 | 11.5
Shields        | 7 8 9 10 11 | 11.5

Action                   |  1- 3 |  4- 6 |  7- 9 | 10-12 | 13-15 || total
-------------------------+-------+-------+-------+-------+-------++-------
Melee: Long sword        |   110 |   194 |   103 |       |       ||   407
       Bite              |     7 |    31 |    51 |   113 |   161 ||   363
       Rapier            |       |       |   272 |    68 |       ||   340
       Flail             |       |       |       |   280 |       ||   280
       Falchion          |       |       |       |    56 |       ||    56
       Demon trident     |       |       |       |   258 |   747 ||  1005
Throw: Throwing net      |       |       |       |     2 |     1 ||     3
       Javelin           |       |       |       |       |    16 ||    16
 Abil: Evoke Berserk Rag |       |       |       |       |     1 ||     1
Evoke: Wand              |       |       |     9 |    35 |    37 ||    81
       Lamp of fire      |       |       |       |     1 |     1 ||     2
  Use: Scroll            |       |       |    11 |    10 |    10 ||    31
       Potion            |       |       |     1 |     1 |     5 ||     7
 Stab: Paralysed         |       |       |     9 |       |       ||     9
       Sleeping          |       |       |     1 |     1 |       ||     2
       Distracted        |       |       |       |     1 |       ||     1
       Held in net/web   |       |       |       |     1 |       ||     1
       Petrified         |       |       |       |       |     8 ||     8
  Eat: Chunk             |       |     5 |     7 |    14 |    14 ||    40
       Ration            |       |     1 |     1 |     3 |     3 ||     8
Armor: Scale mail        |    48 |    76 |   153 |    99 |       ||   376
       Crystal plate arm |       |       |       |   338 |   472 ||   810
Dodge: Dodged            |    47 |    70 |   150 |   223 |   278 ||   768
Block: Shield            |    72 |   105 |   219 |   474 |   528 ||  1398
       Rpst.: Long sword |    20 |    29 |    18 |       |       ||    67
       Falchion          |       |       |       |     4 |       ||     4
